 Dungeon Crawl Stone Soup version 0.31-a0-889-g1a8549509d (webtiles) character file.

Game seed: 5756219089205608256

1568 Error4North the Ruffian (level 8, 0/68 HPs)
             Began as a White Draconian Shapeshifter on Oct 17, 2023.
             Slain by an orc warrior
             ... wielding a +0 glaive
              (8 damage)
             ... on level 6 of the Dungeon.
             The game lasted 00:19:55 (4988 turns).

Error4North the Ruffian (DrSh)                      Turns: 4988, Time: 00:19:56

Health: 0/68       AC:  6    Str: 19    XL:     8   Next: 59%
Magic:  7/7        EV: 13    Int: 11    God:
Gold:   203        SH:  0    Dex: 10    Spells: 7/7 levels left

rFire   . .          .
                       - Unarmed
rCold   + + .        (no shield)
rNeg    . . .        (body armour unavailable)
rPois   .            (helmet currently unavailable)
rElec   .            (cloak currently unavailable)
rCorr   .            (gloves currently unavailable)
SInv    .            (boots currently unavailable)
Will    +....        (no amulet)
Stlth   ++           (no ring)
HPRegen 0.31/turn    (no ring)
MPRegen 0.10/turn

%: no passive effects
@: short of breath, beast-form
A: beast (slay +2), breathe frost, AC +6, unfitting armour, cold resistance 2,
cold-blooded, low MP 1, strong-willed 1
a: Breathe Frost, Begin Untransformation


You were on level 6 of the Dungeon.
You were a hulking beast.
You visited 2 branches of the dungeon, and saw 7 of its levels.

You collected 203 gold pieces.

Inventory:

Missiles
 i - 7 poisoned darts (quivered)
Jewellery
 f - a ring of ice
Talismans
 b - a beast talisman (active)
 c - a flux talisman
Wands
 o - a wand of flame (2)
Scrolls
 e - 2 scrolls of teleportation {unknown}
 g - 5 scrolls of identify {unknown}
 h - 2 scrolls of amnesia {unknown}
 j - 2 scrolls of revelation {unknown}
 k - a scroll of blinking {unknown}
 l - a scroll of vulnerability {unknown}
 m - a scroll of enchant weapon {unknown}
 n - a scroll of enchant armour {unknown}
 p - a scroll of immolation {unknown}
Potions
 a - a potion of lignification
 d - a potion of mutation
 q - 2 potions of invisibility {unknown}


   Skills:
 * Level 5.1 Fighting
 + Level 0.7 Throwing
 * Level 4.9 Dodging
 + Level 2.3 Stealth
 + Level 7.0 Unarmed Combat
 + Level 0.2 Evocations
 * Level 5.0 Shapeshifting


You had 7 spell levels left.
You didn't know any spells.
Your spell library was empty.

Dungeon Overview and Level Annotations

Branches:
Dungeon (6/15)             Temple (1/1) D:4

Altars:
Ashenzari
Cheibriados
Fedhas
Kikubaaqudgha
Makhleb
Okawaru
Trog
Uskayaw
Vehumet
Yredelemnul
The Shining One

Shops:
D:6 *

Annotations:
Temple 4 transporters


Innate Abilities, Weirdness & Mutations

You are a hulking beast.
Your limbs bulge with bestial killing power. (Slay +2)
You can breathe waves of freezing cold which knock back foes.
Your icy white scales are hard. (AC +6)
You cannot fit into any form of body armour.
Your flesh is very cold resistant. (rC++)
You are cold-blooded and may be slowed by cold attacks.
Your magical capacity is low. (-10% MP)
You are strong-willed. (Will+)


Message History

An orc wizard comes into view. It is wielding a +0 dagger.
The orc wizard shouts!
The orc attacks as it pursues you! The orc hits you but does no damage.
The orc attacks as it pursues you! The orc hits you with a +0 club.
The orc attacks as it pursues you! The orc closely misses you.
Aiming: Breathe Frost (4% risk of failure)
Press: ? - help, Shift-Dir - straight line, f - orc warrior
Aim: an orc warrior, wielding a +0 glaive and wearing a +0 plate armour (68% to hit)
You exhale a wave of freezing cold.
The freezing breath hits the orc!
You kill the orc!
The freezing breath hits the orc warrior.
The orc warrior is lightly wounded.
The orc warrior is knocked back by the freezing wind.
The orc warrior slams into the rock wall!
The freezing breath hits the orc warrior.
The orc warrior is moderately wounded.
The orc warrior is knocked back by the freezing wind.
The orc warrior slams into the rock wall!
The orc warrior is moderately wounded.
The orc warrior hits you from afar with a +0 glaive!
The orc wizard barely misses you. The orc wizard closely misses you.
The orc warrior hits you with a +0 glaive!
You barely miss the orc warrior.
The orc warrior is moderately wounded.
The orc wizard hits you but does no damage.
The orc wizard hits you with a +0 dagger.
The orc warrior closely misses you.
The orc wizard attacks as it pursues you!
The orc wizard hits you but does no damage.
The orc warrior hits you with a +0 glaive!
The orc warrior hits you from afar with a +0 glaive!
* * * LOW HITPOINT WARNING * * *
The orc wizard points at you and mumbles some strange words.
The puff of flame hits you!
* * * LOW HITPOINT WARNING * * *
The orc warrior attacks as it pursues you!
The orc warrior barely misses you.
There is a stone staircase leading up here.
The orc warrior hits you from afar with a +0 glaive!
You die...

#......#
##......#
######......#
...........(##
#..>......#
###...##..##
##..###..###
#.## ##...##
#.# ##hoo##
#.## ##...##
#..# ##.o.##
#..# ###..##
##..# ##..##
###### ##...#
##.)####....#
##..###
##.....o.o..
##..##
##...#####.
##..## #####
##


You could see an orc warrior and 2 orc wizards.

Vanquished Creatures
  Sigmund (D:3)
  Eustachio (D:4)
  Edmund (D:5)
  A water moccasin (D:3)
  2 sky beasts
  A centaur (D:5)
  An ogre (D:5)
  A kobold brigand (D:6)
  5 hounds
  3 jellies
  2 orc priests
  An iguana (D:5)
  A sleepcap (D:6)
  3 orc wizards (D:5)
  Natasha (thrice) (D:3)
  6 adders
  4 dart slugs
  13 orcs
  2 bats
  5 endoplasms
  3 giant cockroaches
  7 goblins
  8 hobgoblins
  6 jackals
  3 quokkas
  3 ball pythons
  3 frilled lizards (D:2)
  13 kobolds
  5 rats
108 creatures vanquished.

Notes
Turn   | Place    | Note
-------+----------+-------------------------------------------
     0 | D:1      | Error4North the Draconian Shapeshifter began the quest for
                  | the Orb.
     0 | D:1      | Reached XP level 1. HP: 16/16 MP: 1/1
   326 | D:1      | Reached XP level 2. HP: 17/23 MP: 2/2
   993 | D:2      | Reached XP level 3. HP: 28/28 MP: 3/3
  1540 | D:3      | Noticed a water moccasin
  1551 | D:3      | Noticed a sky beast
  1558 | D:3      | Killed a water moccasin
  1559 | D:3      | Reached skill level 1 in Stealth
  1559 | D:3      | Reached skill level 4 in Unarmed Combat
  1559 | D:3      | Reached XP level 4. HP: 35/35 MP: 4/4
  1559 | D:3      | Reached XP level 5. HP: 40/40 MP: 5/5
  1573 | D:3      | Killed a sky beast
  1574 | D:3      | Reached skill level 5 in Unarmed Combat
  1744 | D:3      | Noticed Sigmund
  1791 | D:3      | Killed Sigmund
  1792 | D:3      | Reached XP level 6. HP: 48/48 MP: 6/6
  1877 | D:3      | Noticed Natasha
  1885 | D:3      | Killed Natasha
  1895 | D:3      | Noticed Natasha
  1908 | D:3      | Killed Natasha
  2058 | D:3      | Found a faded altar of an unknown god.
  2061 | D:3      | Noticed Natasha
  2071 | D:3      | Killed Natasha
  2531 | D:4      | Noticed Eustachio
  2551 | D:4      | Your scales start taking on an icy white colour.
  2551 | D:4      | Reached XP level 7. HP: 22/56 MP: 7/7
  2551 | D:4      | Gained mutation: Your flesh is cold resistant. (rC+) [White
                  | Draconian growth]
  2697 | D:4      | Found a staircase to the Ecumenical Temple.
  2707 | Temple   | Found a transporter.
  2707 | Temple   | Found a transporter.
  2707 | Temple   | Found a transporter.
  2707 | Temple   | Found a transporter.
  2707 | Temple   | Entered the Ecumenical Temple
  3221 | D:4      | Killed Eustachio
  3222 | D:4      | Reached skill level 6 in Unarmed Combat
  3321 | D:5      | Entered Level 5 of the Dungeon
  4081 | D:5      | Reached XP level 8. HP: 66/66 MP: 8/8
  4323 | D:5      | Noticed Edmund
  4346 | D:5      | Killed Edmund
  4565 | D:6      | Found Hisoubb's Overcharged Wands.
  4630 | D:6      | Reached skill level 5 in Shapeshifting
  4805 | D:6      | Gained mutation: Your flesh is very cold resistant. (rC++)
                  | [potion of mutation]
  4805 | D:6      | Gained mutation: Your magical capacity is low. (-10% MP)
                  | [potion of mutation]
  4805 | D:6      | Gained mutation: You are strong-willed. (Will+) [potion of
                  | mutation]
  4811 | D:6      | Reached skill level 7 in Unarmed Combat
  4943 | D:6      | Reached skill level 5 in Fighting
  4988 | D:6      | Slain by an orc warrior

Illustrated notes

Levels and vault maps discovered:
D:1:      dpeg_arrival_morbid_curiosity, layout_basic
D:2:      layout_loops_cross, minmay_liquid_box,
          wander_ebering_terrifying_dragon_lair
D:3:      layout_basic, shapermc_ecumenical_altar_pompeii, dk_noncrumbling_2,
          minmay_misc_feat_alley, nicolae_the_louvre, uniq_natasha, uniq_sigmund
D:4:      nicolae_cairo_tiling_large_dashed, layout_rooms, uniq_eustachio
D:5:      layout_loops_corners, minmay_misc_feat_ornament,
          minmay_misc_feat_diagonals, minmay_misc_feat_enclosed, uniq_edmund
D:6:      layout_layer_cave, gammafunk_temple_overflow_pools,
          mainiacjoe_overflow_chevrons, mainiacjoe_overflow_catwalk,
          nicolae_shop_overcharged_wands
Temple:   hellmonk_temple_divided_pantheon

Skill      XL: |  1  2  3  4  5  6  7  8 |
---------------+-------------------------+-----
Dodging        | 2 3 4 |  4.9
Stealth        | 1 2 |  2.3
Unarmed Combat | 4 5 6 7 |  7.0
Fighting       | 2 3 5 |  5.1
Shapeshifting  | 4 5 |  5.0
Throwing       | |  0.7
Evocations     | |  0.2

Action                     |  1- 3 |  4- 6 |  7- 9 || total
---------------------------+-------+-------+-------++-------
  Melee: Unarmed           |    99 |    67 |   170 ||   336
         Tailslap          |     7 |     5 |    20 ||    32
         Punch             |     1 |     2 |     9 ||    12
  Throw: Dart              |       |       |    14 ||    14
         Boomerang         |       |       |     2 ||     2
Ability: Breathe Frost     |       |       |     8 ||     8
  Evoke: Wand              |       |       |     3 ||     3
    Use: Potion            |     1 |     3 |     2 ||     6
         Scroll            |       |     1 |       ||     1
   Stab: Sleeping          |     2 |       |     3 ||     5
 Armour: Skin              |    47 |    36 |   125 ||   208
  Dodge: Dodged            |    48 |    21 |   138 ||   207

Table legend: (Time is in decaauts)
 A = Elapsed time spent in this place.
 B = Non-inter-level travel time spent in this place.
 C = Inter-level travel time spent in this place.
 D = Time resting spent in this place.
 E = Time spent auto-exploring this place.
 F = Levels seen in this place.
 G = Mean time per level.
                   A        B        C        D        E       F      G
               +--------+--------+--------+--------+--------+-----+--------+
         Total |   4970 |   4806 |    164 |    319 |   3173 |   7 |  710.0 |
       Dungeon |   4917 |   4753 |    164 |    293 |   3173 |   6 |  819.5 |
        Temple |     52 |     52 |      0 |     26 |      0 |   1 |   52.0 |
               +--------+--------+--------+--------+--------+-----+--------+

Top non-repeatable levels by time:
     D:5: 1177 daAuts
     D:3: 1032 daAuts
     D:1: 802 daAuts
     D:2: 719 daAuts
     D:4: 708 daAuts
     D:6: 476 daAuts
  Temple: 52 daAuts
